 Dungeon Crawl Stone Soup version 0.29.0-15-g675c0067aa (webtiles) character file.

Game seed: 3787567643649502508

23076 qw the Severer (level 12, -2/165 HPs)
             Began as a Minotaur Berserker on Sept 12, 2022.
             Was a Priest of Trog.
             Slain by a six-headed hydra (8 damage)
             ... on level 3 of the Lair of Beasts.
             The game lasted 00:04:44 (15344 turns).

qw the Severer (Minotaur Berserker)                Turns: 15344, Time: 00:04:44

Health: -2/165     AC: 18    Str: 27    XL:     12   Next: 68%
Magic:  11/11      EV:  7    Int:  4    God:    Trog [***...]
Gold:   680        SH: 11    Dex: 10    Spells: 11/11 levels left

rFire   + . .      SeeInvis +   a - +0 morningstar
rCold   . . .      Faith    .   d - +0 kite shield
rNeg    . . .      Spirit   .   c - +0 plate armour
rPois   +          Reflect  .   (helmet restricted)
rElec   .          Harm     .   h - +0 cloak
rCorr   .          Rampage  .   o - +0 pair of gloves
Will    .....                   l - +0 pair of boots
Stlth   ..........              f - amulet "Mevein" {RegenMP rF+ Slay+3}
HPRegen 0.37/turn               p - ring of poison resistance
MPRegen 0.52/turn               n - ring of see invisible

@: berserking, about to teleport, very quick
A: horns 2, retaliatory headbutt, talons 1
a: Renounce Religion, Berserk, Trog's Hand


You were on level 3 of the Lair of Beasts.
You worshipped Trog.
Trog was most pleased with you.
You visited 2 branches of the dungeon, and saw 12 of its levels.

You collected 680 gold pieces.


Innate Abilities, Weirdness & Mutations

You have a pair of horns on your head.
You reflexively headbutt those who attack you in melee.
You have sharp toenails.


   Skills:
 - Level 11.0 Fighting
 - Level 18.0 Axes
 - Level 1.0 Throwing
 - Level 10.0 Armour
 - Level 3.0 Dodging
 + Level 11.5 Shields


You had 11 spell levels left.
You didn't know any spells.
Your spell library was empty.

Inventory:

Hand Weapons
 a - a +0 morningstar (weapon)
 Y - a +0 broad axe
Armour
 c - a +0 plate armour (worn)
 d - a +0 kite shield (worn)
 h - a +0 cloak (worn)
 l - a +0 pair of boots (worn)
 o - a +0 pair of gloves (worn)
Jewellery
 b - a ring of fire
 f - the amulet "Mevein" (around neck) {RegenMP rF+ Slay+3}
   (You acquired it on level 1 of the Lair of Beasts)

   [amulet of magic regeneration]

   It increases your rate of magic regeneration.
   Slay:      It affects your accuracy & damage with ranged weapons and melee
   (+3).
   rF:        It protects you from fire.
 k - a ring of protection from fire
 n - a ring of see invisible (right hand)
 p - a ring of poison resistance (left hand)
Scrolls
 i - 7 scrolls of identify
Potions
 e - 2 potions of might
 g - 2 potions of mutation
 m - 7 potions of curing

Dungeon Overview and Level Annotations

Branches:
Dungeon (9/15)             Temple (0/1) D:7            Lair (3/5) D:9
 Spider (0/4) Lair:2
  Swamp: Lair:2-3    Shoals: Lair:2-3       Orc: D:9-12

Altars:
Ashenzari
Cheibriados
Dithmenos
Fedhas
Hepliaklqana
Makhleb
Nemelex Xobeh
Okawaru
Trog
Uskayaw
Vehumet
Wu Jian
Xom
Yredelemnul
Zin

Shops:
D:7 *

Annotations:
D:6 2 runed translucent doors, qw's ghost, novice GrFi


Message History

You block the six-headed hydra's attack. x2
The six-headed hydra bites you but does no damage. x2
15339 ||| INVOKING Brothers in Arms.
You fail to use your ability.
The six-headed hydra bites you. The six-headed hydra barely misses you.
You block the six-headed hydra's attack.
The six-headed hydra barely misses you.
The six-headed hydra bites you but does no damage.
The six-headed hydra bites you.
15340 ||| INVOKING Brothers in Arms.
You fail to use your ability.
The six-headed hydra bites you.
You block the six-headed hydra's attack. x2
The six-headed hydra bites you but does no damage. x2
The six-headed hydra bites you.
15341 ||| INVOKING Brothers in Arms.
You fail to use your ability.
The six-headed hydra bites you!
You block the six-headed hydra's attack.
The six-headed hydra barely misses you. The six-headed hydra bites you!
The six-headed hydra completely misses you.
You block the six-headed hydra's attack.
15342 ||| READING scroll of teleportation.
As you read the scroll of teleportation, it crumbles to dust.
You feel strangely unstable.
The six-headed hydra bites you but does no damage.
The six-headed hydra bites you.
You block the six-headed hydra's attack.
The six-headed hydra bites you.
You block the six-headed hydra's attack.
The six-headed hydra bites you.
15343 ||| SWAPPING to +0 morningstar.
a - a +0 morningstar (weapon)
15344 ||| INVOKING Berserk.
A red film seems to cover your vision as you go berserk!
You feel yourself moving faster!
You feel mighty!
You can no longer call in reinforcements.
The six-headed hydra bites you but does no damage.
You block the six-headed hydra's attack.
The six-headed hydra bites you. The six-headed hydra bites you!
The six-headed hydra bites you but does no damage.
The six-headed hydra bites you!
You die...

##.## #. ####.# ###
#. #.#..##..## #.
#.......... #.
#.......#.. # #.##
#.......## #.#..#
####..........
#....###.##.......###
#..@D..............#
##..##...#######...#
##.#.....########..
..............## #.
##...#.........##
##..##.........# #P.
#.P.......#
##.##....<....#
#.......P.#


You could see a six-headed hydra.

Vanquished Creatures
  Erolcha (D:9)
  Harold (D:9)
  A catoblepas (Lair:3)
  4 hydras (Lair:1)
  2 two-headed ogres
  3 black mambas
  4 cane toads
  Maggie (D:8)
  2 torpor snails
  Joseph (D:9)
  4 komodo dragons
  A hornet (D:9)
  A troll (D:9)
  Grinder (D:4)
  Prince Ribbit (D:8)
  5 blink frogs (Lair:1)
  38 yaks
  A shadow (D:9)
  4 culicivoras (Lair:2)
  A wyvern (Lair:2)
  Grum (D:8)
  A death yak simulacrum (Lair:3)
  2 wargs (D:9)
  11 water moccasins
  An ice beast (D:7)
  An orc warrior (D:4)
  6 black bears
  3 wolves (D:8)
  A centaur (D:9)
  A phantom (D:5)
  A kobold brigand (D:8)
  6 necrophages
  8 bullfrogs
  A gnoll sergeant (D:9)
  2 scorpions (D:7)
  A water moccasin zombie (D:7)
  2 wights (D:7)
  4 killer bees (D:9)
  4 howler monkeys
  A centaur zombie (D:7)
  4 hounds
  A human zombie (D:7)
  6 orc priests
  2 jellies (D:7)
  5 iguanas
  A polar bear simulacrum (Lair:3)
  4 orc wizards
  A killer bee zombie (D:7)
  A mummy (D:7)
  A howler monkey zombie (D:7)
  10 gnolls
  10 adders
  A shadow imp (D:5)
  2 white imps
  An ufetubus (D:6)
  A worm (D:2)
  2 dart slugs
  21 orcs
  10 endoplasms
  12 giant cockroaches
  6 goblins
  6 hobgoblins
  3 quokkas
  8 ball pythons
  7 bats
  3 frilled lizards
  9 kobolds
  5 rats
278 creatures vanquished.

Vanquished Creatures (others)
  14 fungi
  36 plants
50 creatures vanquished.

Grand Total: 328 creatures vanquished

Notes
Turn   | Place    | Note
-------+----------+-------------------------------------------
     0 | D:1      | qw the Minotaur Berserker began the quest for the Orb.
     0 | D:1      | Reached XP level 1. HP: 19/19 MP: 0/0
     0 | D:1      | 0 ||| qw: Version: 0.1-a-119-g272c26d
     0 | D:1      | 0 ||| qw: Game counter: 10929
     0 | D:1      | 0 ||| qw: Always use a shield: true
     0 | D:1      | 0 ||| qw: Do Orc after D:15 true
     0 | D:1      | 0 ||| qw: Do second Lair branch before Depths: true
     0 | D:1      | 0 ||| qw: Lair rune preference: random
     0 | D:1      | 0 ||| qw: Plans: Normal
     0 | D:1      | 0 ||| PLANNING D:1-11
    85 | D:1      | Reached skill level 4 in Axes
   203 | D:1      | 203 ||| Stepping ~*~*~tactically~*~*~ (stealth).
   210 | D:1      | Reached XP level 2. HP: 24/26 MP: 1/1
   215 | D:1      | 215 ||| Stepping ~*~*~tactically~*~*~ (stealth).
   228 | D:1      | 228 ||| Stepping ~*~*~tactically~*~*~ (stealth).
   583 | D:1      | Reached ** piety under Trog
   584 | D:1      | Reached skill level 5 in Axes
   602 | D:1      | 602 ||| Stepping ~*~*~tactically~*~*~ (stealth).
   749 | D:1      | Reached XP level 3. HP: 31/31 MP: 2/2
   920 | D:1      | 920 ||| UPGRADING to +0 plate armour.
   930 | D:1      | 930 ||| DROPPING +0 animal skin.
   931 | D:1      | 931 ||| UPGRADING to +0 pair of boots.
   936 | D:1      | 936 ||| READING scroll labelled ODYIROE QOXYA.
   937 | D:1      | 937 ||| READING scroll labelled TICYXT NIPROFI.
  1015 | D:2      | 1015 ||| Stepping ~*~*~tactically~*~*~ (stealth).
  1068 | D:2      | 1068 ||| READING scroll of enchant weapon.
  1068 | D:2      | 1068 ||| ENCHANTING +1 hand axe.
  1157 | D:2      | 1157 ||| SWAPPING to +2 hand axe of electrocution.
  1158 | D:2      | 1158 ||| DROPPING +2 hand axe.
  1188 | D:2      | Reached skill level 1 in Throwing
  1191 | D:2      | 1191 ||| Stepping ~*~*~tactically~*~*~ (stealth).
  1202 | D:2      | 1202 ||| INVOKING Berserk.
  1313 | D:2      | 1313 ||| DROPPING +0 club.
  1965 | D:2      | 1965 ||| UPGRADING to +0 pair of gloves.
  1970 | D:2      | 1970 ||| DROPPING amulet of faith.
  1971 | D:2      | 1971 ||| READING scroll labelled DANGUPR NERASEU.
  2072 | D:2      | 2072 ||| READING scroll labelled HUCIDOFUKA.
  2086 | D:3      | 2086 ||| PLANNING SEWER
  2170 | D:3      | 2170 ||| Stepping ~*~*~tactically~*~*~ (hiding).
  2172 | D:3      | 2172 ||| Stepping ~*~*~tactically~*~*~ (hiding).
  2175 | D:3      | 2175 ||| INVOKING Berserk.
  2177 | D:3      | Reached skill level 6 in Axes
  2177 | D:3      | Reached XP level 4. HP: 39/39 MP: 3/3
  2186 | D:3      | Reached skill level 3 in Armour
  2188 | D:3      | Reached XP level 5. HP: 42/45 MP: 4/4
  2523 | D:3      | Found a glowing drain.
  2524 | D:3      | 2524 ||| READING scroll labelled ERYXUM YSOGOIT.
  2525 | D:3      | 2525 ||| READING scroll labelled DIOTHO FUDDEO.
  2526 | D:3      | 2526 ||| DRINKING 2 ruby potions.
  2527 | D:3      | 2527 ||| DROPPING potion of degeneration.
  2582 | D:3      | 2582 ||| Stepping randomly (stuck).
  2694 | D:3      | 2694 ||| READING scroll labelled CAUZUA KEKKAHINAM.
  2717 | D:3      | 2717 ||| RIP SEWER
  2750 | D:3      | 2750 ||| PLANNING D:1-11
  3014 | D:3      | 3014 ||| READING scroll labelled XECIPTE OFRI.
  3050 | D:4      | Noticed a black bear
  3051 | D:4      | 3051 ||| INVOKING Berserk.
  3058 | D:4      | Killed a black bear
  3059 | D:4      | Reached skill level 7 in Axes
  3071 | D:4      | 3071 ||| STAIRDANCE
  3246 | D:4      | Found an ornate altar of the Wu Jian Council.
  3289 | D:4      | Reached XP level 6. HP: 52/52 MP: 5/5
  3314 | D:4      | Noticed an orc warrior
  3319 | D:4      | 3319 ||| INVOKING Berserk.
  3329 | D:4      | Killed an orc warrior
  3330 | D:4      | Reached skill level 8 in Axes
  3441 | D:4      | Found a snail-covered altar of Cheibriados.
  3442 | D:4      | 3442 ||| SWAPPING to +0 war axe.
  3443 | D:4      | 3443 ||| DROPPING +2 hand axe of electrocution.
  3812 | D:4      | Noticed Grinder
  3813 | D:4      | 3813 ||| INVOKING Trog's Hand.
  3815 | D:4      | 3815 ||| INVOKING Berserk.
  3819 | D:4      | Killed Grinder
  3820 | D:4      | Reached skill level 9 in Axes
  3820 | D:4      | Reached XP level 7. HP: 59/59 MP: 6/6
  4072 | D:4      | 4072 ||| READING scroll labelled RUFROOJ JOLUOXAIH.
  4073 | D:4      | 4073 ||| READING scroll labelled OROQEA VATWAUGRO.
  4074 | D:4      | 4074 ||| DRINKING 2 viscous ruby potions.
  4074 | D:4      | Gained mutation: You have sharp toenails. [potion of
                  | mutation]
  4075 | D:4      | 4075 ||| DRINKING 2 sapphire potions.
  4087 | D:5      | Entered Level 5 of the Dungeon
  4126 | D:5      | 4126 ||| INVOKING Berserk.
  4134 | D:5      | 4134 ||| FLEEEEING.
  4137 | D:5      | 4137 ||| STAIRDANCE
  4305 | D:5      | Reached skill level 10 in Axes
  4403 | D:5      | 4403 ||| Stepping ~*~*~tactically~*~*~ (hiding).
  4420 | D:5      | 4420 ||| Stepping ~*~*~tactically~*~*~ (stealth).
  4421 | D:5      | 4421 ||| Stepping ~*~*~tactically~*~*~ (hiding).
  4422 | D:5      | 4422 ||| Stepping ~*~*~tactically~*~*~ (hiding).
  4464 | D:5      | 4464 ||| DROPPING +0 whip.
  4523 | D:5      | Reached XP level 8. HP: 55/69 MP: 7/7
  4731 | D:5      | Reached skill level 6 in Fighting
  4951 | D:5      | 4951 ||| DRINKING 2 amethyst potions.
  4979 | D:5      | 4979 ||| DRINKING 2 lumpy silvery potions.
  4980 | D:5      | 4980 ||| DROPPING potion of lignification.
  4981 | D:5      | 4981 ||| DROPPING potion of attraction.
  5046 | D:6      | Reached *** piety under Trog
  5048 | D:6      | 5048 ||| Stepping ~*~*~tactically~*~*~ (stealth).
  5050 | D:6      | 5050 ||| Stepping ~*~*~tactically~*~*~ (stealth).
  5078 | D:6      | 5078 ||| Stepping ~*~*~tactically~*~*~ (stealth).
  5079 | D:6      | 5079 ||| Stepping ~*~*~tactically~*~*~ (stealth).
  5089 | D:6      | 5089 ||| Stepping ~*~*~tactically~*~*~ (stealth).
  5092 | D:6      | 5092 ||| Stepping ~*~*~tactically~*~*~ (stealth).
  5190 | D:6      | Identified the +0 leather armour of the Pleiades {rElec
                  | rPois Str-3}
  5262 | D:6      | 5262 ||| Stepping ~*~*~tactically~*~*~ (stealth).
  5265 | D:6      | 5265 ||| Stepping ~*~*~tactically~*~*~ (hiding).
  5275 | D:6      | 5275 ||| Stepping ~*~*~tactically~*~*~ (stealth).
  5276 | D:6      | 5276 ||| Stepping ~*~*~tactically~*~*~ (stealth).
  5282 | D:6      | 5282 ||| SWAPPING to +1 vampiric hand axe.
  5283 | D:6      | 5283 ||| DROPPING +0 war axe.
  5308 | D:6      | 5308 ||| SWAPPING to +0 broad axe.
  5314 | D:6      | 5314 ||| DROPPING +1 vampiric hand axe.
  5315 | D:6      | Found a burning altar of Makhleb.
  5446 | D:6      | 5446 ||| Stepping ~*~*~tactically~*~*~ (stealth).
  5454 | D:6      | Reached skill level 11 in Axes
  5733 | D:6      | Found a runed translucent gate.
  5733 | D:6      | Found a runed translucent gate.
  5733 | D:6      | Noticed qw's ghost (novice GrFi)
  5734 | D:6      | Found a runed translucent gate.
  5883 | D:6      | Noticed a kobold demonologist
  5898 | D:6      | 5898 ||| UPGRADING to ring of poison resistance.
  5899 | D:6      | 5899 ||| READING 2 scrolls labelled TAXIEG AMU.
  5900 | D:6      | 5900 ||| DRINKING 2 dark potions.
  5901 | D:6      | 5901 ||| READING 3 scrolls of identify.
  5901 | D:6      | 5901 ||| IDENTIFYING inky potion
  5902 | D:6      | 5902 ||| READING 2 scrolls of identify.
  5902 | D:6      | 5902 ||| IDENTIFYING fuming cyan potion
  5903 | D:6      | 5903 ||| DROPPING potion of berserk rage.
  5904 | D:6      | 5904 ||| DROPPING scroll of fear.
  6059 | D:7      | Found a bloodstained altar of Trog.
  6065 | D:7      | 6065 ||| INVOKING Berserk.
  6211 | D:7      | Reached skill level 12 in Axes
  6215 | D:7      | 6215 ||| INVOKING Berserk.
  6407 | D:7      | Found Forap's CLEARANCE SALE!.
  6650 | D:7      | 6650 ||| INVOKING Berserk.
  6654 | D:7      | Reached skill level 6 in Armour
  6788 | D:7      | Found a staircase to the Ecumenical Temple.
  6800 | D:7      | Reached XP level 9. HP: 72/75 MP: 8/8
  7123 | D:7      | Found a basalt altar of Yredelemnul.
  7202 | D:7      | 7202 ||| READING scroll labelled VURYUSTR FAKIRPH.
  7203 | D:7      | 7203 ||| DRINKING 2 bubbling blue potions.
  7204 | D:7      | 7204 ||| DROPPING potion of invisibility.
  7243 | D:8      | Found a broken altar of Ashenzari.
  7253 | D:8      | 7253 ||| Stepping ~*~*~tactically~*~*~ (stealth).
  7257 | D:8      | Noticed Grum
  7258 | D:8      | 7258 ||| Stepping ~*~*~tactically~*~*~ (hiding).
  7259 | D:8      | 7259 ||| Stepping ~*~*~tactically~*~*~ (stealth).
  7260 | D:8      | 7260 ||| INVOKING Berserk.
  7263 | D:8      | Reached skill level 13 in Axes
  7279 | D:8      | HP: 16/81 [Grum/-2 spear (12)]
  7280 | D:8      | 7280 ||| DRINKING potion of heal wounds.
  7281 | D:8      | HP: 7/81 [Grum/-2 spear (6)]
  7283 | D:8      | Killed Grum
  7450 | D:8      | 7450 ||| FLEEEEING.
  7451 | D:8      | 7451 ||| FLEEEEING.
  7452 | D:8      | 7452 ||| FLEEEEING.
  7453 | D:8      | 7453 ||| FLEEEEING.
  7455 | D:8      | 7455 ||| FLEEEEING.
  7456 | D:8      | 7456 ||| FLEEEEING.
  7457 | D:8      | 7457 ||| FLEEEEING.
  7458 | D:8      | 7458 ||| FLEEEEING.
  7459 | D:8      | 7459 ||| STAIRDANCE
  7635 | D:8      | Identified the +2 short sword of Dominance {vamp, rElec rN+
                  | rCorr Dex-3}
  7675 | D:8      | Found a blossoming altar of Fedhas.
  7680 | D:8      | 7680 ||| INVOKING Berserk.
  7834 | D:8      | Noticed Prince Ribbit
  7837 | D:8      | 7837 ||| INVOKING Berserk.
  7850 | D:8      | Reached skill level 14 in Axes
  7858 | D:8      | Killed Prince Ribbit
  7859 | D:8      | Reached XP level 10. HP: 88/88 MP: 9/9
  7961 | D:8      | Found a hazy altar of Hepliaklqana.
  7962 | D:8      | Found a shimmering altar of Xom.
  8019 | D:8      | 8019 ||| Stepping ~*~*~tactically~*~*~ (hiding).
  8020 | D:8      | 8020 ||| Stepping ~*~*~tactically~*~*~ (hiding).
  8028 | D:8      | 8028 ||| Stepping ~*~*~tactically~*~*~ (stealth).
  8032 | D:8      | 8032 ||| Stepping ~*~*~tactically~*~*~ (stealth).
  8042 | D:8      | 8042 ||| DROPPING +0 flail.
  8072 | D:8      | Noticed a two-headed ogre
  8077 | D:8      | 8077 ||| INVOKING Berserk.
  8082 | D:8      | Killed a two-headed ogre
  8083 | D:8      | Reached skill level 15 in Axes
  8222 | D:8      | Found a shadowy altar of Dithmenos.
  8254 | D:8      | Noticed Maggie
  8255 | D:8      | 8255 ||| Stepping ~*~*~tactically~*~*~ (hiding).
  8267 | D:8      | 8267 ||| INVOKING Berserk.
  8269 | D:8      | Killed Maggie
  8464 | D:8      | 8464 ||| Stepping ~*~*~tactically~*~*~ (hiding).
  8465 | D:8      | 8465 ||| Stepping ~*~*~tactically~*~*~ (hiding).
  8466 | D:8      | 8466 ||| Stepping ~*~*~tactically~*~*~ (hiding).
  8468 | D:8      | 8468 ||| Stepping ~*~*~tactically~*~*~ (hiding).
  8557 | D:8      | Found an iron altar of Okawaru.
  8624 | D:8      | Found a radiant altar of Vehumet.
  8779 | D:9      | Noticed a two-headed ogre
  8783 | D:9      | 8783 ||| INVOKING Berserk.
  8788 | D:9      | Killed a two-headed ogre
  8789 | D:9      | Reached skill level 9 in Fighting
  8902 | D:9      | Noticed Joseph
  8903 | D:9      | 8903 ||| Stepping ~*~*~tactically~*~*~ (hiding).
  8914 | D:9      | Killed Joseph
  9140 | D:9      | Noticed Harold
  9144 | D:9      | 9144 ||| INVOKING Berserk.
  9151 | D:9      | Killed Harold
  9221 | D:9      | Found a sparkling altar of Nemelex Xobeh.
  9236 | D:9      | Noticed Erolcha
  9237 | D:9      | 9237 ||| INVOKING Trog's Hand.
  9243 | D:9      | 9243 ||| INVOKING Berserk.
  9254 | D:9      | Killed Erolcha
  9255 | D:9      | Reached skill level 16 in Axes
  9261 | D:9      | Reached skill level 3 in Dodging
  9263 | D:9      | Reached XP level 11. HP: 50/99 MP: 10/10
  9685 | D:9      | 9685 ||| Stepping ~*~*~tactically~*~*~ (stealth).
  9695 | D:9      | 9695 ||| FLEEEEING.
  9696 | D:9      | 9696 ||| FLEEEEING.
  9697 | D:9      | 9697 ||| FLEEEEING.
  9698 | D:9      | 9698 ||| FLEEEEING.
  9699 | D:9      | 9699 ||| FLEEEEING.
  9700 | D:9      | 9700 ||| FLEEEEING.
  9706 | D:9      | 9706 ||| FLEEEEING.
  9707 | D:9      | 9707 ||| FLEEEEING.
  9708 | D:9      | 9708 ||| FLEEEEING.
  9709 | D:9      | 9709 ||| FLEEEEING.
  9710 | D:9      | 9710 ||| FLEEEEING.
  9711 | D:9      | 9711 ||| FLEEEEING.
  9712 | D:9      | 9712 ||| FLEEEEING.
  9713 | D:9      | 9713 ||| FLEEEEING.
  9714 | D:9      | 9714 ||| FLEEEEING.
  9715 | D:9      | 9715 ||| FLEEEEING.
  9719 | D:9      | 9719 ||| FLEEEEING.
  9720 | D:9      | 9720 ||| FLEEEEING.
  9721 | D:9      | 9721 ||| FLEEEEING.
  9722 | D:9      | 9722 ||| FLEEEEING.
  9723 | D:9      | 9723 ||| FLEEEEING.
  9727 | D:9      | 9727 ||| FLEEEEING.
  9728 | D:9      | 9728 ||| FLEEEEING.
  9729 | D:9      | 9729 ||| FLEEEEING.
  9734 | D:9      | 9734 ||| FLEEEEING.
  9735 | D:9      | 9735 ||| FLEEEEING.
  9739 | D:9      | 9739 ||| FLEEEEING.
  9740 | D:9      | 9740 ||| FLEEEEING.
  9741 | D:9      | 9741 ||| FLEEEEING.
  9846 | D:9      | 9846 ||| Stepping ~*~*~tactically~*~*~ (hiding).
  9982 | D:9      | 9982 ||| Stepping ~*~*~tactically~*~*~ (hiding).
  9987 | D:9      | 9987 ||| Stepping ~*~*~tactically~*~*~ (stealth).
 10027 | D:9      | 10027 ||| Stepping ~*~*~tactically~*~*~ (stealth).
 10032 | D:9      | Reached **** piety under Trog
 10080 | D:9      | Found a staircase to the Lair.
 10224 | D:9      | 10224 ||| Stepping ~*~*~tactically~*~*~ (stealth).
 10310 | D:9      | 10310 ||| UPGRADING to +0 kite shield.
 10315 | D:9      | 10315 ||| UPGRADING to +0 cloak.
 10320 | D:9      | 10320 ||| DRINKING 2 puce potions.
 10321 | D:9      | 10321 ||| READING 5 scrolls of identify.
 10321 | D:9      | 10321 ||| IDENTIFYING golden potion
 10322 | D:9      | 10322 ||| DROPPING potion of ambrosia.
 10323 | D:9      | 10323 ||| DROPPING potion of flight.
 10443 | D:8      | Found a hide-covered altar of Uskayaw.
 10443 | D:8      | Found a glowing silver altar of Zin.
 10452 | D:8      | 10452 ||| PLANNING LAIR
 10452 | D:8      | 10452 ||| READING scroll labelled XOERRY ECLINO.
 10517 | Lair:1   | Entered Level 1 of the Lair of Beasts
 10520 | Lair:1   | 10520 ||| INVOKING Berserk.
 10665 | Lair:1   | 10665 ||| INVOKING Berserk.
 10786 | Lair:1   | 10786 ||| Stepping ~*~*~tactically~*~*~ (stealth).
 10788 | Lair:1   | 10788 ||| Stepping ~*~*~tactically~*~*~ (stealth).
 10791 | Lair:1   | 10791 ||| Stepping ~*~*~tactically~*~*~ (stealth).
 10793 | Lair:1   | 10793 ||| Stepping ~*~*~tactically~*~*~ (stealth).
 10795 | Lair:1   | Reached skill level 3 in Shields
 10797 | Lair:1   | Noticed a five-headed hydra
 10800 | Lair:1   | 10800 ||| SWAPPING to +0 morningstar.
 10801 | Lair:1   | 10801 ||| INVOKING Berserk.
 10811 | Lair:1   | Killed a five-headed hydra
 10820 | Lair:1   | 10820 ||| SWAPPING to +0 broad axe.
 10826 | Lair:1   | HP: 20/99 [yak (12)]
 10829 | Lair:1   | Reached skill level 6 in Shields
 11265 | Lair:1   | 11265 ||| Stepping ~*~*~tactically~*~*~ (stealth).
 11267 | Lair:1   | Noticed a seven-headed hydra
 11271 | Lair:1   | 11271 ||| INVOKING Berserk.
 11287 | Lair:1   | Killed a 12-headed hydra
 11327 | Lair:1   | 11327 ||| Stepping ~*~*~tactically~*~*~ (stealth).
 11375 | Lair:1   | 11375 ||| Stepping ~*~*~tactically~*~*~ (stealth).
 11377 | Lair:1   | 11377 ||| INVOKING Berserk.
 11532 | Lair:1   | Identified the +7 whip of Eternity {elec, Fragile rCorr
                  | Str+3 Dex+2}
 11537 | Lair:1   | 11537 ||| INVOKING Berserk.
 11545 | Lair:1   | Reached skill level 9 in Shields
 11633 | Lair:1   | 11633 ||| INVOKING Berserk.
 11818 | Lair:1   | Noticed a four-headed hydra
 11819 | Lair:1   | 11819 ||| INVOKING Brothers in Arms.
 11820 | Lair:1   | 11820 ||| INVOKING Brothers in Arms.
 11821 | Lair:1   | 11821 ||| INVOKING Brothers in Arms.
 11822 | Lair:1   | 11822 ||| INVOKING Brothers in Arms.
 11823 | Lair:1   | 11823 ||| INVOKING Brothers in Arms.
 11824 | Lair:1   | 11824 ||| INVOKING Brothers in Arms.
 11825 | Lair:1   | 11825 ||| INVOKING Brothers in Arms.
 11826 | Lair:1   | 11826 ||| SWAPPING to +0 morningstar.
 11827 | Lair:1   | 11827 ||| INVOKING Berserk.
 11828 | Lair:1   | Killed a four-headed hydra
 11958 | Lair:1   | 11958 ||| SWAPPING to +0 broad axe.
 11965 | Lair:1   | Noticed a five-headed hydra
 11969 | Lair:1   | 11969 ||| SWAPPING to +0 morningstar.
 11971 | Lair:1   | 11971 ||| INVOKING Berserk.
 11978 | Lair:1   | Killed a five-headed hydra
 12124 | Lair:1   | 12124 ||| SWAPPING to +0 broad axe.
 12189 | Lair:1   | 12189 ||| INVOKING Berserk.
 12192 | Lair:1   | Reached skill level 9 in Armour
 12192 | Lair:1   | Reached XP level 12. HP: 106/106 MP: 11/11
 12577 | Lair:1   | 12577 ||| UPGRADING to ring of protection from fire.
 12578 | Lair:1   | 12578 ||| DROPPING ring of magical power.
 12616 | Lair:2   | Found a hole to the Spider Nest.
 12620 | Lair:2   | 12620 ||| Stepping ~*~*~tactically~*~*~ (hiding).
 12621 | Lair:2   | 12621 ||| Stepping ~*~*~tactically~*~*~ (stealth).
 12851 | Lair:2   | 12851 ||| Stepping ~*~*~tactically~*~*~ (hiding).
 12863 | Lair:2   | Reached skill level 17 in Axes
 13122 | Lair:2   | 13122 ||| INVOKING Berserk.
 13358 | Lair:2   | 13358 ||| Stepping ~*~*~tactically~*~*~ (stealth).
 13363 | Lair:2   | 13363 ||| Stepping ~*~*~tactically~*~*~ (stealth).
 13382 | Lair:2   | 13382 ||| FLEEEEING.
 13383 | Lair:2   | 13383 ||| FLEEEEING.
 13384 | Lair:2   | 13384 ||| FLEEEEING.
 13385 | Lair:2   | 13385 ||| FLEEEEING.
 13386 | Lair:2   | 13386 ||| FLEEEEING.
 13387 | Lair:2   | 13387 ||| FLEEEEING.
 13388 | Lair:2   | 13388 ||| FLEEEEING.
 13389 | Lair:2   | 13389 ||| FLEEEEING.
 13390 | Lair:2   | 13390 ||| FLEEEEING.
 13391 | Lair:2   | 13391 ||| FLEEEEING.
 13392 | Lair:2   | 13392 ||| FLEEEEING.
 13393 | Lair:2   | 13393 ||| FLEEEEING.
 13394 | Lair:2   | 13394 ||| FLEEEEING.
 13395 | Lair:2   | 13395 ||| FLEEEEING.
 13396 | Lair:2   | 13396 ||| FLEEEEING.
 13397 | Lair:2   | 13397 ||| FLEEEEING.
 13398 | Lair:2   | 13398 ||| FLEEEEING.
 13399 | Lair:2   | 13399 ||| FLEEEEING.
 13400 | Lair:2   | 13400 ||| FLEEEEING.
 13401 | Lair:2   | 13401 ||| FLEEEEING.
 13402 | Lair:2   | 13402 ||| FLEEEEING.
 13403 | Lair:2   | 13403 ||| FLEEEEING.
 13404 | Lair:2   | 13404 ||| FLEEEEING.
 13405 | Lair:2   | 13405 ||| FLEEEEING.
 13406 | Lair:2   | 13406 ||| FLEEEEING.
 13407 | Lair:2   | 13407 ||| FLEEEEING.
 13408 | Lair:2   | 13408 ||| FLEEEEING.
 13409 | Lair:2   | 13409 ||| FLEEEEING.
 13410 | Lair:2   | 13410 ||| FLEEEEING.
 13411 | Lair:2   | 13411 ||| FLEEEEING.
 13414 | Lair:2   | 13414 ||| STAIRDANCE
 13498 | Lair:1   | 13498 ||| UPGRADING to ring of see invisible.
 13500 | Lair:1   | 13500 ||| READING scroll labelled WYREEQ NOAFOSE.
 13500 | Lair:1   | Identified a scroll of acquirement
 13500 | Lair:1   | 13500 ||| ACQUIRING amulet "Mevein" {RegenMP rF+ Slay+3}
 13500 | Lair:1   | Acquired the amulet "Mevein" {RegenMP rF+ Slay+3}
 13502 | Lair:1   | 13502 ||| UPGRADING to amulet "Mevein" {RegenMP rF+
                  | Slay+3}.
 13509 | Lair:2   | 13509 ||| STAIRDANCE
 13523 | Lair:2   | 13523 ||| STAIRDANCE
 13571 | Lair:2   | 13571 ||| STAIRDANCE
 13623 | Lair:2   | 13623 ||| INVOKING Berserk.
 13631 | Lair:2   | 13631 ||| STAIRDANCE
 13850 | Lair:2   | Reached skill level 18 in Axes
 14080 | Lair:2   | 14080 ||| INVOKING Berserk.
 14651 | Lair:3   | 14651 ||| STAIRDANCE
 14685 | Lair:3   | 14685 ||| STAIRDANCE
 14714 | Lair:3   | 14714 ||| STAIRDANCE
 14727 | Lair:3   | 14727 ||| STAIRDANCE
 14770 | Lair:3   | 14770 ||| STAIRDANCE
 14823 | Lair:3   | Noticed a catoblepas
 14824 | Lair:3   | 14824 ||| STAIRDANCE
 14830 | Lair:3   | 14830 ||| STAIRDANCE
 14898 | Lair:3   | 14898 ||| STAIRDANCE
 14978 | Lair:3   | 14978 ||| Stepping ~*~*~tactically~*~*~ (cloud).
 14979 | Lair:3   | 14979 ||| INVOKING Berserk.
 14982 | Lair:3   | Killed a catoblepas
 15079 | Lair:3   | Found a frozen archway.
 15180 | Lair:3   | 15180 ||| Stepping ~*~*~tactically~*~*~ (stealth).
 15187 | Lair:3   | Noticed a six-headed hydra
 15188 | Lair:3   | 15188 ||| FLEEEEING.
 15189 | Lair:3   | 15189 ||| FLEEEEING.
 15190 | Lair:3   | 15190 ||| FLEEEEING.
 15191 | Lair:3   | 15191 ||| FLEEEEING.
 15192 | Lair:3   | 15192 ||| FLEEEEING.
 15193 | Lair:3   | 15193 ||| FLEEEEING.
 15194 | Lair:3   | 15194 ||| FLEEEEING.
 15195 | Lair:3   | 15195 ||| FLEEEEING.
 15196 | Lair:3   | 15196 ||| FLEEEEING.
 15197 | Lair:3   | 15197 ||| FLEEEEING.
 15198 | Lair:3   | 15198 ||| FLEEEEING.
 15199 | Lair:3   | 15199 ||| FLEEEEING.
 15200 | Lair:3   | 15200 ||| FLEEEEING.
 15201 | Lair:3   | 15201 ||| FLEEEEING.
 15202 | Lair:3   | 15202 ||| FLEEEEING.
 15203 | Lair:3   | 15203 ||| FLEEEEING.
 15205 | Lair:3   | 15205 ||| FLEEEEING.
 15206 | Lair:3   | 15206 ||| FLEEEEING.
 15207 | Lair:3   | 15207 ||| FLEEEEING.
 15209 | Lair:3   | 15209 ||| FLEEEEING.
 15210 | Lair:3   | 15210 ||| FLEEEEING.
 15211 | Lair:3   | 15211 ||| FLEEEEING.
 15212 | Lair:3   | 15212 ||| FLEEEEING.
 15213 | Lair:3   | 15213 ||| FLEEEEING.
 15217 | Lair:3   | 15217 ||| FLEEEEING.
 15218 | Lair:3   | 15218 ||| FLEEEEING.
 15219 | Lair:3   | 15219 ||| STAIRDANCE
 15338 | Lair:3   | 15338 ||| INVOKING Brothers in Arms.
 15339 | Lair:3   | 15339 ||| INVOKING Brothers in Arms.
 15340 | Lair:3   | 15340 ||| INVOKING Brothers in Arms.
 15341 | Lair:3   | 15341 ||| INVOKING Brothers in Arms.
 15341 | Lair:3   | HP: 24/110 [six-headed hydra (8)]
 15342 | Lair:3   | 15342 ||| READING scroll of teleportation.
 15343 | Lair:3   | 15343 ||| SWAPPING to +0 morningstar.
 15344 | Lair:3   | 15344 ||| INVOKING Berserk.
 15344 | Lair:3   | HP: 6/165 [six-headed hydra (10)]
 15344 | Lair:3   | Slain by a six-headed hydra

Levels and vault maps discovered:
D:1:      dpeg_arrival_signposts, layout_basic, minmay_worlds_worst_comb
D:2:      layout_basic
D:3:      layout_loops_ring, gup_sewer_entry_glass, minmay_quadrilaterals
D:4:      layout_rooms, mainiacjoe_overflow_concentric_impassable,
          kennysheep_little_box, serial_bayou, serial_bayou_pond_c,
          serial_bayou_shore_a, serial_bayou_pond_b, serial_bayou_lake_a,
          serial_bayou_shore_b, serial_bayou_lagoon_b, grunt_decor_resistance,
          uniq_grinder
D:5:      layout_rooms
D:6:      nicolae_cairo_tiling_large_dashed, layout_loops_ring,
          lemuel_tele_altar, gammafunk_ghost_nasty_kobolds
D:7:      layout_loops_ring, lemuel_mausoleum_altar_yredelemnul,
          trog_ov_bears_minmay, temple_statues, nicolae_shop_clearance
D:8:      layout_cave_pools, regret_index_temple_of_mockery,
          nicolae_overflow_hidden_temple, fedhas_altar_fruit_tree,
          mainiacjoe_overflow_alcove_2, mainiacjoe_overflow_chevrons, uniq_grum,
          uniq_maggie, uniq_prince_ribbit1
D:9:      layout_basic, mainiacjoe_overflow_surrounded_room,
          erik_lair_orcish_takeover, uniq_erolcha, uniq_harold, uniq_joseph
Lair:1:   layout_chaotic_city, enter_volcano_1, grunt_megastairs_1
Lair:2:   layout_regular_city, hellmonk_spider_entry_life_and_decay
Lair:3:   layout_loops_ring, swamp_mist, portal_ice_cave_entry_ice_simulacra,
          serial_bayou_pond_c, cheibrodos_lair_reptile_den

Skill      XL: |  1  2  3  4  5  6  7  8  9 10 11 12 |
---------------+-------------------------------------+-----
Axes           | 4 5 6 7 9 10 12 14 16 18 | 18.0
Throwing       | 1 |  1.0
Armour         | 3 4 6 7 8 9 10 | 10.0
Fighting       | 4 5 6 8 9 11 | 11.0
Dodging        | 3 |  3.0
Shields        | 10 11 | 11.5

Action                   |  1- 3 |  4- 6 |  7- 9 | 10-12 || total
-------------------------+-------+-------+-------+-------++-------
Melee: Hand axe          |    88 |    46 |       |       ||   134
       Headbutt          |     9 |     7 |    40 |    88 ||   144
       Punch             |     1 |       |     2 |       ||     3
       War axe           |       |    25 |    89 |       ||   114
       Broad axe         |       |       |   145 |   402 ||   547
       Unarmed           |       |       |     3 |       ||     3
       Morningstar       |       |       |       |    26 ||    26
Throw: Javelin           |    18 |     9 |       |       ||    27
       Boomerang         |       |       |    36 |       ||    36
Invok: Berserk           |     2 |     3 |     7 |    20 ||    32
       Trog's Hand       |       |     1 |       |     1 ||     2
       Brothers in Arms  |       |       |       |     1 ||     1
  Use: Scroll            |     5 |     4 |     6 |     4 ||    19
       Potion            |       |     1 |     7 |     1 ||     9
 Stab: Petrified         |       |       |       |     3 ||     3
Armor: Animal skin       |     9 |       |       |       ||     9
       Plate armour      |    16 |    27 |   134 |   226 ||   403
Dodge: Dodged            |    37 |    22 |    66 |   110 ||   235
Block: Kite shield       |       |       |       |   144 ||   144

Table legend:
 A = Non-vault XP
 B = Vault XP
 C = Vault XP percentage of total XP
 D = Non-vault monster count
 E = Vault monster count
 F = Vault count percentage of total count
                 A         B        C        D         E       F
            +---------+---------+-------+---------+---------+-------
      Total |   24975 |    7992 |  24.2 |     221 |      57 |  20.5
            +---------+---------+-------+---------+---------+-------
        D:1 |      40 |       2 |   4.8 |      25 |       1 |   3.8
        D:2 |      30 |       0 |   0.0 |      15 |       0 |   0.0
        D:3 |     162 |      11 |   6.4 |      16 |       6 |  27.3
        D:4 |     424 |     269 |  38.8 |      16 |       2 |  11.1
        D:5 |     857 |       0 |   0.0 |      20 |       0 |   0.0
        D:6 |     224 |       0 |   0.0 |      15 |       0 |   0.0
        D:7 |     524 |     990 |  65.4 |       9 |      14 |  60.9
        D:8 |    2339 |    1211 |  34.1 |      27 |       6 |  18.2
        D:9 |    3268 |    2587 |  44.2 |      19 |       9 |  32.1
     Lair:1 |    8657 |    1199 |  12.2 |      25 |       6 |  19.4
     Lair:2 |    6953 |    1510 |  17.8 |      31 |      11 |  26.2
     Lair:3 |    1497 |     213 |  12.5 |       3 |       2 |  40.0
            +---------+---------+-------+---------+---------+-------
